AoeStats
← Home Depot Theme Song

Arabia

506515839Analyzed
1v1 RM · 18d ago on Sep 13, 2026· 19m 15s· 2 players
Game mode
Random Map
Map size
Tiny (2 player)
Population
200
Speed
Normal
Resources
Standard
Victory
Conquest
Starting age
Dark Age
Ending age
Imperial Age
RankedLock teamsTeams togetherTeam positionsShared explorationLock speedFull tech treeHidden civsTurbo modeCheats
Victory
Defeat
🇺🇸 Inca · United States
1001
+15
🇿🇦 Magyars · South Africa
989
-15
SkyWard_12
8:01 Loom
9:51 Feudal Age
9:22 Loom
10:45 Double-Bit Axe
13:04 Wheelbarrow
15:12 Bloodlines
Home Depot Theme Song
7:43 Loom
10:14 Feudal Age
11:58 Champi Runner
16:39 Arson
Connection lost

Rejoining the realm…

Still unreachable

The connection could not be restored.

Session expired

The server has moved on; the page needs a fresh start.